Map: Golden Wall LE

Players

Railgan - Winner!

  • Race: Zerg Zerg
  • League: Grandmaster
  • Spawn Location: 5:00

IIIIIIIIIIII

  • Race: Zerg Zerg
  • League: Grandmaster
  • Spawn Location: 7:00

VOD

https://www.youtube.com/watch?v=4SMzpaQR4kg

Description

Time

  • Played on: April 14, 2020, 12:19 p.m.
  • Length: 9:26
Show
View Real Time Build Order
Export as new Build Order

Railgan Zerg - Winner!

Build Orders: Hatch First, Roach Nydus 

Get SALT Encoding   

  12  0:01  Drone  
  13  0:12  Overlord  
  13  0:17  Drone  
  14  0:30  Drone x2  
  16  0:48  Hatchery  
  15  0:51  Drone  
  15  0:55  Drone  
  17  1:10  Spawning Pool  
  16  1:12  Drone  
  16  1:17  Extractor  
  16  1:18  Drone  
  17  1:20  Drone  
  18  1:29  Drone  
  19  1:50  Drone  
  19  1:51  Drone  
  21  1:59  Queen  
  21  2:00  Queen  
  25  2:01  Overlord  
  25  2:03  Zergling x2  
  26  2:13  Drone  
  27  2:16  Drone  
  27  2:22  Drone x2  
  30  2:32  Overlord  
  30  2:35  Queen  
  30  2:36  Drone  
  33  2:44  Drone x2, Lair  
  35  2:53  Drone  
  36  2:58  Roach Warren  
  36  3:01  Evolution Chamber  
  34  3:10  Drone x5  
  39  3:15  Overlord  
  39  3:18  Drone x2  
  41  3:21  Drone  
  41  3:23  Drone  
  43  3:27  Drone  
  44  3:37  Drone x2  
  46  3:44  Drone x3  
  46  3:45  Spire  
  46  3:48  Drone x3  
  51  3:50  Overlord  
  51  3:54  Extractor  
  50  3:56  Extractor, Drone  
  50  3:57  Drone  
  51  4:05  Extractor, Drone x2  
  52  4:16  Zerg Missile Weapons Level 1  
  52  4:18  Evolution Chamber  
  52  4:22  Drone  
  52  4:23  Roach x2  
  56  4:27  Overlord  
  56  4:28  Spine Crawler  
  55  4:31  Overlord  
  55  4:33  Drone  
  55  4:36  Drone  
  56  4:47  Glial Reconstitution, Hatchery  
  55  4:56  Roach  
  55  4:57  Roach x3  
  63  5:02  Mutalisk x2  
  63  5:04  Overlord  
  67  5:08  Mutalisk  
  69  5:19  Mutalisk  
  71  5:21  Overlord  
  71  5:24  Overlord, Drone x2  
  73  5:33  Overlord  
  73  5:41  Drone x4  
  79  5:55  Overlord  
  79  5:56  Nydus Network  
  77  5:57  Drone x4  
  77  5:59  Queen  
  77  6:00  Overlord  
  77  6:01  Roach  
  77  6:02  Extractor  
  83  6:07  Roach  
  87  6:11  Roach x2  
  87  6:14  Zerg Ground Armor Level 1, Zerg Missile Weapons Level 2  
  89  6:19  Roach  
  89  6:21  Roach  
  89  6:22  Roach  
  89  6:25  Roach x3, Overlord  
  101  6:28  Roach  
  101  6:31  Roach  
  105  6:41  Overlord  
  105  6:43  Roach x4  
  105  6:44  Nydus Canal  
  115  6:47  Roach  
  115  6:56  Roach x5  
  125  7:01  Nydus Canal  
  125  7:12  Roach x3  
  127  7:20  Roach  
  127  7:21  Roach x2  
  123  7:29  Roach x6  
  125  7:33  Roach x5  
  125  7:36  Roach  
  131  7:38  Roach  
  131  7:48  Roach  
  131  7:49  Roach  
  131  7:58  Roach x5  
  127  8:00  Roach  
  127  8:04  Roach  
  125  8:08  Roach  
  125  8:11  Roach  
  129  8:14  Roach x6  
  137  8:25  Nydus Canal  
  137  8:26  Roach  
  131  8:29  Roach  
  131  8:30  Roach x4  
  127  8:47  Roach  
  127  8:48  Roach x5  
  137  8:50  Overlord  
  129  8:55  Nydus Canal  
  129  8:56  Roach  
  129  9:01  Roach  
  129  9:02  Roach x4  
  143  9:12  Nydus Canal  
Show
View Real Time Build Order
Export as new Build Order

IIIIIIIIIIII Zerg 

Build Orders: Hatch First 

Get SALT Encoding   

  12  0:00  Drone  
  13  0:12  Overlord  
  13  0:17  Drone  
  14  0:31  Drone x2  
  16  0:49  Hatchery  
  15  0:51  Drone  
  15  0:55  Drone  
  17  0:59  Drone  
  18  1:08  Extractor  
  17  1:15  Spawning Pool  
  17  1:18  Drone  
  17  1:22  Drone  
  18  1:30  Drone  
  19  1:41  Drone  
  20  1:52  Drone  
  21  2:01  Queen x2  
  21  2:02  Drone x2  
  27  2:11  Drone  
  27  2:12  Overlord  
  28  2:32  Drone  
  28  2:33  Drone x2, Evolution Chamber  
  30  2:43  Queen  
  32  2:47  Drone x3  
  35  2:54  Roach Warren, Drone  
  35  2:55  Drone  
  36  2:59  Zerg Missile Weapons Level 1  
  36  3:05  Overlord  
  36  3:08  Lair  
  36  3:20  Overlord  
  36  3:24  Drone x6  
  42  3:28  Extractor x2  
  42  3:30  Overlord  
  42  3:32  Drone  
  41  3:39  Drone  
  42  3:44  Drone x2  
  44  3:48  Drone  
  44  3:49  Drone x2  
  44  3:55  Overlord  
  47  3:56  Drone  
  47  3:57  Drone x2  
  50  4:05  Glial Reconstitution  
  50  4:08  Overlord  
  50  4:15  Roach x5  
  60  4:28  Roach x5  
  70  4:31  Overseer  
  70  4:40  Hatchery  
  69  4:48  Roach x3  
  75  4:58  Overlord x2  
  75  5:17  Queen x2  
  75  5:21  Drone x2, Infestation Pit  
  79  5:22  Extractor, Drone x2  
  79  5:25  Zerg Missile Weapons Level 2  
  81  5:34  Drone x8, Evolution Chamber  
  81  5:35  Drone  
  89  5:44  Spore Crawler  
  89  5:48  Spore Crawler  
  87  5:51  Drone x2  
  89  5:59  Pathogen Glands  
  89  6:01  Zerg Ground Armor Level 1  
  89  6:08  Overlord x2  
  89  6:11  Queen, Spore Crawler  
  90  6:21  Extractor  
  90  6:22  Extractor  
  90  6:24  Spore Crawler  
  87  6:31  Spore Crawler  
  87  6:32  Drone x4  
  90  6:33  Drone x8  
  90  6:37  Ravager x3  
  90  6:39  Overlord  
  101  6:45  Drone x4  
  105  6:52  Overlord  
  105  6:56  Pneumatized Carapace  
  105  7:04  Roach x3  
  105  7:07  Spine Crawler  
  105  7:12  Roach  
  105  7:13  Roach  
  107  7:22  Roach x6  
  109  7:29  Roach x4  
  88  7:38  Queen x2  
  88  7:42  Roach x3  
  93  7:49  Roach  
  93  7:50  Roach  
  88  7:53  Roach  
  88  7:54  Roach  
  90  8:05  Roach x5  
  98  8:15  Roach x4  
  100  8:20  Roach  
  99  8:28  Roach  
  99  8:29  Roach x2  
  87  8:39  Roach x3  
  85  8:41  Queen  
  83  8:58  Roach x2  
  83  8:59  Roach x3  
  87  9:03  Ravager  
  87  9:05  Ravager  
  87  9:06  Roach  
  82  9:22  Roach Warren  
Tags
 
Add a new tag
Caveats
  • Supply blocks, unpowered buildings, or Contaminate may cause inaccurate times.
  • Supply counts are checked every 10 seconds.